 Dungeon Crawl Stone Soup version 0.30-a0-389-g8d7d949f56 (webtiles) character file.

Game seed: 5320686382382225531

206 cheesebisquit the Chopper (level 5, 0/70 HPs)
             Began as a Minotaur Berserker on Dec 3, 2022.
             Was a Priest of Trog.
             Succumbed to Crazy Yiuf's poison
             ... on level 3 of the Dungeon.
             The game lasted 00:16:02 (2638 turns).

cheesebisquit the Chopper (Minotaur Berserker)      Turns: 2638, Time: 00:16:03

Health: 0/70       AC:  9    Str: 23    XL:     5   Next: 53%
Magic:  0/4        EV: 13    Int:  4    God:    Trog [***...]
Gold:   177        SH:  0    Dex: 10    Spells: 4/4 levels left

rFire   . . .      SeeInvis .    a - +0 hand axe
rCold   . . .      Faith    .    m - orb {mayhem}
rNeg    . . .      Spirit   .    c - +0 chain mail
rPois   .          Reflect  .    (helmet restricted)
rElec   .          Harm     .    (no cloak)
rCorr   .          Rampage  .    (no gloves)
Will    .....                    (no boots)
Stlth   ..........               (no amulet)
HPRegen 0.31/turn                (no ring)
MPRegen 0.09/turn                (no ring)

@: agile, berserking (expiring), lethally poisoned (0 -> -4), slowed
A: horns 2, retaliatory headbutt
a: Renounce Religion, Berserk, Trog's Hand


You were on level 3 of the Dungeon.
You worshipped Trog.
Trog was most pleased with you.
You visited 1 branch of the dungeon, and saw 3 of its levels.

You collected 177 gold pieces.

Inventory:

Hand Weapons
 a - a +0 hand axe (weapon)
Missiles
 h - 19 stones (quivered)
 k - a throwing net
Armour
 b - a +0 animal skin
 c - a +0 chain mail (worn)
 e - a +0 ring mail
 m - an orb of mayhem (worn)
Wands
 j - a wand of flame (12)
Scrolls
 g - 3 scrolls of enchant weapon {unknown}
 o - a scroll of identify
 p - a scroll of vulnerability {unknown}
Potions
 d - 4 potions of heal wounds
 f - 2 potions of might
 i - a potion of invisibility {unknown}
 l - 2 potions of curing {unknown}
 n - a potion of attraction {unknown}
 q - 2 potions of degeneration {unknown}


   Skills:
 - Level 4.3 Fighting
 + Level 6.8 Axes
 - Level 3.0 Armour
 - Level 2.5 Dodging


You had 4 spell levels left.
You didn't know any spells.
Your spell library was empty.

Dungeon Overview and Level Annotations

Branches:
Dungeon (3/15)

Altars:


Innate Abilities, Weirdness & Mutations

You have a pair of horns on your head.
You reflexively headbutt those who attack you in melee.


Message History

You are poisoned.
You hit Crazy Yiuf.
Crazy Yiuf is almost dead.
You feel sick.
You closely miss Crazy Yiuf. Your headbutt misses Crazy Yiuf.
Crazy Yiuf is almost dead.
You feel sick.
Crazy Yiuf hits you with a +3 quarterstaff of chaos.
You feel yourself slow down.
You barely miss Crazy Yiuf. Your headbutt misses Crazy Yiuf.
Crazy Yiuf is almost dead.
You feel sick.
Crazy Yiuf says, "Blight disdain Hive!"
Crazy Yiuf hits you but does no damage.
You closely miss Crazy Yiuf. Your headbutt misses Crazy Yiuf.
Crazy Yiuf is almost dead.
You feel sick.
Crazy Yiuf hits you with a +3 quarterstaff of chaos.
You suddenly lose the ability to move!
You feel sick.
Crazy Yiuf hits you with a +3 quarterstaff of chaos.
Crazy Yiuf burns you.
You feel sick. Crazy Yiuf hits you but does no damage.
You are more poisoned.
You feel sick. Crazy Yiuf hits you but does no damage.
You feel sick.
Crazy Yiuf hits you with a +3 quarterstaff of chaos!
* * * LOW HITPOINT WARNING * * *
Crazy Yiuf draws strength from your wounds!
You feel sick.
Crazy Yiuf hits you with a +3 quarterstaff of chaos!
* * * LOW HITPOINT WARNING * * *
You feel your power leaking away.
You can move again.
You are too berserk!
You are too berserk!
You slice Crazy Yiuf!!
You kill Crazy Yiuf!
Trog accepts your kill.
You die...

#...........#.######........
#.###.####.................#
#.........................##
#####################.#..##
#.#..### ♣♣♣♣♣###.#..... ###
♣♣♣.♣..#......###
#...#♣..♣.PP....####
#...)@♣♣♣♣......# #)..#♣♣
♣♣P#...# ### ♣♣###.#
#.###### #....... ########


There were no monsters in sight!

Vanquished Creatures
  A hound (D:2)
  Crazy Yiuf (D:3)
  An orc wizard (D:3)
  5 adders
  A gnoll (D:1)
  6 dart slugs
  2 orcs (D:3)
  10 ball pythons
  9 endoplasms
  A giant cockroach (D:2)
  9 hobgoblins
  2 jackals (D:2)
  5 quokkas
  4 bats
  6 frilled lizards
  4 goblins
  5 kobolds
  7 rats
79 creatures vanquished.

Vanquished Creatures (collateral kills)
  2 orcs (D:3)
2 creatures vanquished.

Grand Total: 81 creatures vanquished

Notes
Turn   | Place    | Note
-------+----------+-------------------------------------------
     0 | D:1      | cheesebisquit the Minotaur Berserker began the quest for
                  | the Orb.
     0 | D:1      | Reached XP level 1. HP: 19/19 MP: 0/0
   129 | D:1      | Reached skill level 4 in Axes
   129 | D:1      | Reached XP level 2. HP: 25/27 MP: 1/1
   485 | D:1      | Reached XP level 3. HP: 33/33 MP: 2/2
  1080 | D:2      | Reached ** piety under Trog
  1268 | D:2      | Reached XP level 4. HP: 39/41 MP: 3/3
  1325 | D:2      | Reached skill level 5 in Axes
  1914 | D:3      | Reached skill level 6 in Axes
  1935 | D:3      | Reached XP level 5. HP: 46/47 MP: 4/4
  2002 | D:3      | Found a runed translucent door.
  2003 | D:3      | Noticed Crazy Yiuf
  2270 | D:3      | Reached *** piety under Trog
  2632 | D:3      | Paralysed by Crazy Yiuf for 5 turns
  2637 | D:3      | HP: 1/70 [Crazy Yiuf/+3 quarterstaff of chaos (9)]
  2638 | D:3      | Killed Crazy Yiuf
  2638 | D:3      | Succumbed to Crazy Yiuf's poison

Illustrated notes

Levels and vault maps discovered:
D:1:      nicolae_arrival_memento_mori, layout_loops_ring
D:2:      minmay_chambers_of_twos, layout_basic, minmay_tree_intersection,
          minmay_divided_ellipse
D:3:      layout_loops_ring, uniq_crazy_yiuf_cottage

Skill      XL: |  1  2  3  4 |
---------------+-------------+-----
Axes           | 4 6 |  6.8
Fighting       | 4 |  4.3
Armour         | 3 |  3.0
Dodging        | |  2.5

Action                   |  1- 3 |  4- 6 || total
-------------------------+-------+-------++-------
Melee: Hand axe          |    75 |    86 ||   161
       Headbutt          |    13 |     7 ||    20
       Punch             |     2 |     1 ||     3
Invok: Berserk           |       |     2 ||     2
  Use: Scroll            |     3 |     2 ||     5
Armor: Chain mail        |    35 |    37 ||    72
       Animal skin       |     1 |       ||     1
Dodge: Dodged            |    23 |    34 ||    57

Table legend: (Time is in decaauts)
 A = Elapsed time spent in this place.
 B = Non-inter-level travel time spent in this place.
 C = Inter-level travel time spent in this place.
 D = Time resting spent in this place.
 E = Time spent auto-exploring this place.
 F = Levels seen in this place.
 G = Mean time per level.
                   A        B        C        D        E       F      G
               +--------+--------+--------+--------+--------+-----+--------+
         Total |   2650 |   2618 |     32 |    100 |   1976 |   3 |  883.3 |
       Dungeon |   2650 |   2618 |     32 |    100 |   1976 |   3 |  883.3 |
               +--------+--------+--------+--------+--------+-----+--------+

Top non-repeatable levels by time:
     D:2: 1039 daAuts
     D:1: 882 daAuts
     D:3: 729 daAuts
